 Dungeon Crawl Stone Soup version 0.26-a0-850-g97a50ab700 (webtiles) character file.

Game seed: 14520245586979861189

33 snetch the Chopper (level 3, 0/33 HPs)
             Began as a Minotaur Berserker on Nov 20, 2020.
             Was a Follower of Trog.
             Succumbed to an adder's poison
             ... on level 2 of the Dungeon.
             The game lasted 00:00:28 (47 turns).

snetch the Chopper (Minotaur Berserker)               Turns: 47, Time: 00:00:28

Health: 0/33       AC:  2    Str: 22    XL:     3   Next: 12%
Magic:  2/2        EV: 12    Int:  4    God:    Trog [*.....]
Gold:   16         SH:  0    Dex:  9    Spells: 2/2 levels left

rFire    . . .     SeeInvis .   a - +0 hand axe
rCold    . . .     Faith    .   (no shield)
rNeg     . . .     Spirit   .   b - +0 animal skin
rPois    .         Reflect  .   (helmet restricted)
rElec    .         Harm     .   (no cloak)
rCorr    .         Rampage  .   (no gloves)
MR       .....                  (no boots)
Stlth    +.........             (no amulet)
HPRegen  0.11/turn              (no ring)
MPRegen  0.08/turn              (no ring)

@: lethally poisoned (0 -> -15), berserk cooldown, slowed, very slow
A: retaliatory headbutt, horns 2
a: Berserk, Renounce Religion


You were on level 2 of the Dungeon.
You worshipped Trog.
Trog was aware of your devotion.
You visited 1 branch of the dungeon, and saw 2 of its levels.

You collected 16 gold pieces.

Inventory:

Hand Weapons
 a - a +0 hand axe (weapon)
Armour
 b - a +0 animal skin (worn)
Scrolls
 c - a scroll of random uselessness {unknown}


   Skills:
 + Level 4.2 Fighting
 + Level 4.3 Axes
 + Level 2.7 Armour
 + Level 2.4 Dodging


You had 2 spell levels left.
You didn't know any spells.
Your spell library was empty.

Dungeon Overview and Level Annotations

Branches:
Dungeon (2/15)

Altars:


Innate Abilities, Weirdness & Mutations

You reflexively headbutt those who attack you in melee.
You have a pair of horns on your head.


Message History

The adder poisons you!
You completely miss the adder.
The adder is heavily wounded.
You feel sick. The adder bites you.
* * * LOW HITPOINT WARNING * * *
The adder bites you.
* * * LOW HITPOINT WARNING * * *
You are lethally poisoned!
The adder poisons you!
You barely miss the adder.
The adder is heavily wounded.
* * * LOW HITPOINT WARNING * * *
You feel sick. The adder bites you.
* * * LOW HITPOINT WARNING * * *
You are more poisoned.
The adder poisons you! The adder closely misses you.
You aren't carrying any potions.
You completely miss the adder. Your headbutt misses the adder.
The adder is heavily wounded.
You die...

......... ....
........#....
##...........#
........#...#
###......#..#
#...........# #
#........S..##.#
.#.......@....#.###
...................
..<.........#......
#....)............
#......).†....##.
#.....)<†...#.#
#..............#
#..........#......
#############.....


You could see an adder.

Vanquished Creatures
  3 gnolls (D:2)
  A leopard gecko (D:2)
  A goblin (D:2)
  A rat (D:2)
6 creatures vanquished.

Notes
Turn   | Place    | Note
-------+----------+-------------------------------------------
     0 | D:1      | snetch the Minotaur Berserker began the quest for the Orb.
     0 | D:1      | Reached XP level 1. HP: 19/19 MP: 0/0
    21 | D:2      | Reached XP level 2. HP: 26/27 MP: 1/1
    21 | D:2      | Reached XP level 3. HP: 32/33 MP: 2/2
    47 | D:2      | Succumbed to an adder's poison

Illustrated notes

Levels and vault maps discovered:
D:1:      tarquinn_simple_flora_water_f, layout_loops_ring, grunt_decor_junction
D:2:      layout_rooms, lemuel_coloured_pillars_altar, grunt_gozag_breadcrumbs,
          uniq_crazy_yiuf_cottage

Skill      XL: |  1 |
---------------+----+-----
Fighting       | 4 |  4.2
Axes           | 4 |  4.3
Armour         | |  2.7
Dodging        | |  2.4

Action                   || total
-------------------------++-------
Melee: Hand axe          ||    14
       Headbutt          ||     1
Invok: Berserk           ||     1
Armor: Animal skin       ||     1
Dodge: Dodged            ||     9

Table legend: (Time is in decaauts)
 A = Elapsed time spent in this place.
 B = Non-inter-level travel time spent in this place.
 C = Inter-level travel time spent in this place.
 D = Time resting spent in this place.
 E = Time spent auto-exploring this place.
 F = Levels seen in this place.
 G = Mean time per level.
                   A        B        C        D        E       F      G
               +--------+--------+--------+--------+--------+-----+--------+
         Total |     53 |     53 |      0 |      0 |      9 |   2 |   26.5 |
       Dungeon |     53 |     53 |      0 |      0 |      9 |   2 |   26.5 |
               +--------+--------+--------+--------+--------+-----+--------+

Top non-repeatable levels by time:
     D:2: 36 daAuts
     D:1: 17 daAuts
